 Dungeon Crawl Stone Soup version 0.29.1-1-gd02db6906a (webtiles) character file.

Game seed: 7780331015537603840

2384 EvilAshe the Tainter (level 9, -2/45 HPs)
             Began as a Deep Elf Venom Mage on Sept 18, 2022.
             Slain by a slime creature (20 damage)
             ... on level 6 of the Dungeon.
             The game lasted 00:22:36 (9041 turns).

EvilAshe the Tainter (Deep Elf Venom Mage)          Turns: 9041, Time: 00:22:36

Health: -2/45      AC:  5    Str:  5    XL:     9   Next: 22%
Magic:  23/23      EV: 13    Int: 25    God:
Gold:   263        SH:  0    Dex: 15    Spells: 15/25 levels left

rFire   . . .      SeeInvis +   t - +6 shortbow of Blood {flame, Fly rPois rC+}
rCold   + . .      Faith    .   (shield currently unavailable)
rNeg    . . .      Spirit   .   a - +0 robe
rPois   +          Reflect  .   w - +1 helmet {SInv}
rElec   .          Harm     .   (no cloak)
rCorr   .          Rampage  .   (no gloves)
Will    .....                   I - +0 pair of boots
Stlth   ++........              (no amulet)
HPRegen 0.15/turn               (no ring)
MPRegen 0.18/turn               (no ring)

@: flying
A: no striking features
a: no special abilities


You were on level 6 of the Dungeon.
You visited 1 branch of the dungeon, and saw 7 of its levels.

You collected 263 gold pieces.

Inventory:

Hand Weapons
 c - a +0 dagger
 i - a +3 mace
 t - the +6 shortbow of Blood (weapon) {flame, Fly rPois rC+}
   (You found it on level 3 of the Dungeon)

   Any ammunition fired from it burns those it strikes, dealing additional fire
   damage.
   rC:        It protects you from cold.
   rPois:     It protects you from poison.
   Fly:       It grants you flight.
Missiles
 d - 71 stones
Armour
 a - a +0 robe (worn)
 w - a +1 helmet of see invisible (worn)
 I - a +0 pair of boots (worn)
Wands
 p - a wand of paralysis (11)
 u - a wand of polymorph (5)
Scrolls
 e - a scroll of acquirement
 f - a scroll of blinking {unknown}
 m - a scroll of enchant weapon {unknown}
 n - a scroll of noise {unknown}
 r - 2 scrolls of magic mapping {unknown}
 s - 2 scrolls of poison {unknown}
 v - a scroll of enchant armour {unknown}
 y - a scroll of vulnerability {unknown}
 B - a scroll of torment {unknown}
 C - a scroll of amnesia {unknown}
 D - a scroll of fear {unknown}
 F - a scroll of silence {unknown}
 G - a scroll of summoning {unknown}
Potions
 b - 2 potions of magic
 g - 4 potions of brilliance
 h - a potion of resistance {unknown}
 j - 5 potions of curing
 k - a potion of mutation {unknown}
 l - a potion of cancellation {unknown}
 o - a potion of might {unknown}
 q - a potion of attraction {unknown}
 z - a potion of haste {unknown}
 A - 2 potions of heal wounds {unknown}
 E - a potion of berserk rage {unknown}
 H - a potion of degeneration {unknown}


   Skills:
 - Level 2.9 Dodging
 - Level 3.0 Stealth
 + Level 8.5 Spellcasting
 - Level 1.7 Transmutations
 + Level 5.8 Air Magic
 * Level 10.0 Poison Magic


You had 15 spell levels left.
You knew the following spells:

 Your Spells              Type           Power      Damage    Failure   Level
a - Sting                 Tmut/Pois      100%       1d8       1%          1
b - Poisonous Vapours     Pois/Air       100%       N/A       1%          2
c - Mephitic Cloud        Conj/Pois/Air  37%        N/A       1%          3
q - Olgreb's Toxic Radia  Pois           57%        N/A       1%          4

Your spell library contained the following spells:

 Spells                   Type           Power      Damage    Failure   Level
 Apportation              Tloc           20%        N/A       6%          1
 Necrotise                Necr           40%        1d6       6%          1
 Sandblast                Erth           20%        2d7       6%          1
 Passwall                 Tmut/Erth      12%        N/A       6%          2
 Blink                    Tloc           20%        N/A       9%          2
 Alistair's Intoxication  Tmut/Pois      26%        N/A       14%         5
 Lesser Beckoning         Tloc           10%        N/A       17%         3
 Portal Projectile        Hex/Tloc       20%        N/A       17%         3
 Stone Arrow              Conj/Erth      20%        3d8       17%         3
 Tukima's Dance           Hex            10%        N/A       17%         3
 Vampiric Draining        Necr           10%        2d6       17%         3
 Blade Hands              Tmut           9%         N/A       61%         5
 Agony                    Necr           10%        N/A       85%         5
 Manifold Assault         Tloc           10%        N/A       85%         5


Dungeon Overview and Level Annotations

Branches:
Dungeon (7/15)
 Temple: D:4-7

Altars:
Dithmenos
Ru
Trog
Xom

Shops:
D:1 [

Annotations:
D:4 Pikel
D:7 2 runed translucent doors


Message History

You shoot an arrow. The arrow hits the slime creature.
The arrow burns the slime creature.
The slime creature is lightly wounded.
The slime creature hits you!
Fire: t) +6 shortbow of Blood {flame, Fly rPois rC+}
Press: ? - help, Q - select action, (/) - cycle Shift-Dir - straight line, f/p - slime creature
Aim: a slime creature (lightly wounded, 84% to hit)
You shoot an arrow. The arrow hits the slime creature!
The arrow burns the slime creature.
The slime creature is moderately wounded.
The slime creature hits you.
The slime creature hits you but does no damage.
Fire: t) +6 shortbow of Blood {flame, Fly rPois rC+}
Press: ? - help, Q - select action, (/) - cycle Shift-Dir - straight line, f/p - slime creature
Aim: a slime creature (moderately wounded, 84% to hit)
You shoot an arrow. The arrow hits the slime creature!
The arrow burns the slime creature.
The slime creature is heavily wounded.
The slime creature misses you.
Fire: t) +6 shortbow of Blood {flame, Fly rPois rC+}
Press: ? - help, Q - select action, (/) - cycle Shift-Dir - straight line, f/p - slime creature
Aim: a slime creature (heavily wounded, 84% to hit)
You shoot an arrow. The arrow hits the slime creature.
The arrow burns the slime creature.
The slime creature is heavily wounded.
The slime creature closely misses you. The slime creature hits you!
Fire: t) +6 shortbow of Blood {flame, Fly rPois rC+}
Press: ? - help, Q - select action, (/) - cycle Shift-Dir - straight line, f/p - slime creature
Aim: a slime creature (heavily wounded, 84% to hit)
You shoot an arrow.
The arrow hits the slime creature but does no damage.
The slime creature is heavily wounded.
The slime creature barely misses you.
Fire: t) +6 shortbow of Blood {flame, Fly rPois rC+}
Press: ? - help, Q - select action, (/) - cycle Shift-Dir - straight line, f/p - slime creature
Aim: a slime creature (heavily wounded, 84% to hit)
You shoot an arrow.
The arrow barely misses the slime creature.
The slime creature hits you!!
You die... #JJPPP#

#.....# J...P
#...# ... #'# #.#
#J# ####@# #....#
#.#### ##.# #..#
############.##
#............#
#.......######
...###..#########


You could see a slime creature.

Vanquished Creatures
  Grinder (D:4)
  2 sky beasts (D:6)
  4 black bears (D:5)
  2 ogres (D:5)
  2 lemures
  A phantom (D:5)
  2 bullfrogs (D:6)
  A necrophage (D:6)
  Blork the orc (D:4)
  5 scorpions
  A howler monkey (D:6)
  2 hounds
  6 jellies (D:6)
  2 orc priests
  7 iguanas
  2 orc wizards
  Ijyb (D:4)
  4 gnolls
  6 adders
  2 white imps
  4 ufetubi
  A worm (D:2)
  A dart slug (D:2)
  15 orcs
  16 endoplasms
  4 giant cockroaches
  4 hobgoblins
  3 jackals (D:2)
  10 quokkas
  6 ball pythons
  2 bats (D:3)
  3 frilled lizards (D:1)
  14 goblins
  7 kobolds
  4 rats
148 creatures vanquished.

Vanquished Creatures (others)
  9 fungi (D:6)
9 creatures vanquished.

Grand Total: 157 creatures vanquished

Notes
Turn   | Place    | Note
-------+----------+-------------------------------------------
     0 | D:1      | EvilAshe the Deep Elf Venom Mage began the quest for the
                  | Orb.
     0 | D:1      | Reached XP level 1. HP: 10/10 MP: 6/6
   498 | D:1      | Reached XP level 2. HP: 15/15 MP: 4/8
   531 | D:1      | Learned a level 2 spell: Poisonous Vapours
   582 | D:1      | Found Weozeok's Antique Armour Shoppe.
   701 | D:1      | Found a faded altar of an unknown god.
   826 | D:1      | Reached XP level 3. HP: 19/19 MP: 6/9
  1547 | D:2      | Reached skill level 4 in Poison Magic
  1815 | D:2      | Reached XP level 4. HP: 21/24 MP: 7/11
  1936 | D:2      | Reached skill level 1 in Air Magic
  2306 | D:2      | Learned a level 4 spell: Olgreb's Toxic Radiance
  2661 | D:3      | Found a sacrificial altar of Ru.
  2958 | D:3      | Identified the +6 shortbow of Blood {flame, Fly rPois rC+}
  3082 | D:4      | Found a bloodstained altar of Trog.
  3334 | D:3      | You are sucked into a shaft and drop 1 floor!
  3341 | D:5      | Entered Level 5 of the Dungeon
  3341 | D:5      | Noticed a lemure
  3343 | D:5      | Noticed a lemure
  3363 | D:4      | Reached XP level 5. HP: 24/28 MP: 9/13
  3602 | D:4      | Reached skill level 5 in Poison Magic
  3719 | D:3      | Reached XP level 6. HP: 8/32 MP: 0/15
  4407 | D:4      | Found a shadowy altar of Dithmenos.
  4408 | D:4      | Identified 2 scrolls of acquirement
  4408 | D:4      | Acquired a +1 helmet of see invisible
  4692 | D:4      | Noticed Ijyb
  4707 | D:4      | Killed Ijyb
  4708 | D:4      | Reached skill level 5 in Spellcasting
  4882 | D:4      | Noticed Grinder
  5104 | D:4      | Reached skill level 6 in Poison Magic
  5168 | D:4      | Paralysed by Grinder for 4 turns
  5178 | D:4      | Killed Grinder
  5179 | D:4      | Reached XP level 7. HP: 3/36 MP: 17/17
  5666 | D:4      | Noticed Blork the orc
  5679 | D:4      | Killed Blork the orc
  5680 | D:4      | Reached skill level 7 in Poison Magic
  5971 | D:5      | Noticed Pikel
  6006 | D:3      | You are sucked into a shaft and drop 3 floors!
  6603 | D:5      | Reached XP level 8. HP: 40/41 MP: 9/20
  6739 | D:5      | Reached skill level 8 in Poison Magic
  7118 | D:5      | HP: 2/41 [ufetubus (3)]
  7451 | D:5      | Reached skill level 5 in Air Magic
  7451 | D:5      | Reached skill level 9 in Poison Magic
  7672 | D:5      | Found a shimmering altar of Xom.
  8151 | D:6      | Learned a level 3 spell: Mephitic Cloud
  8394 | D:6      | Noticed a slime creature
  8439 | D:7      | Found a large runed translucent door.
  8439 | D:7      | Found a large runed translucent door.
  8575 | D:6      | Reached XP level 9. HP: 40/45 MP: 12/23
  8962 | D:6      | Reached skill level 10 in Poison Magic
  9041 | D:6      | Slain by a slime creature

Illustrated notes

Levels and vault maps discovered:
D:1:      ebering_trefoil_3fold, layout_rooms, serial_shops, shop,
          ebering_ecumenical_altar_abandoned
D:2:      layout_rooms, minmay_bisected
D:3:      layout_basic, mainiacjoe_overflow_six_doors_small
D:4:      layout_cave_pools, nicolae_dithmenos_through_a_glass_darkly,
          bloody_trog, uniq_grinder, uniq_ijyb, uniq_blork_the_orc
D:5:      layout_rooms, lemuel_crystal_altar, uniq_pikel
D:6:      lemuel_slime, layout_loops_cross
D:7:      layout_loops_ring, slow_altar_2, vehumet_crystals, temple_statues,
          ebering_ghost_disaster_area

Skill      XL: |  1  2  3  4  5  6  7  8  9 |
---------------+----------------------------+-----
Stealth        | 3 |  3.0
Poison Magic   | 4 5 6 7 9 10 | 10.0
Air Magic      | 1 2 3 4 5 |  5.8
Spellcasting   | 4 5 6 8 |  8.5
Dodging        | |  2.9
Transmutations | |  1.7

Action                   |  1- 3 |  4- 6 |  7- 9 || total
-------------------------+-------+-------+-------++-------
Melee: Dagger            |    13 |       |       ||    13
       Mace              |    18 |    17 |       ||    35
       Unarmed           |       |     1 |       ||     1
 Fire: Shortbow          |       |    49 |    99 ||   148
 Cast: Sting             |    34 |    42 |    23 ||    99
       Poisonous Vapours |    20 |    55 |    67 ||   142
  Use: Scroll            |       |     4 |     1 ||     5
 Stab: Sleeping          |     2 |     1 |       ||     3
Armor: Robe              |     3 |     9 |    32 ||    44
Dodge: Dodged            |    17 |    40 |    89 ||   146
